 Dungeon Crawl Stone Soup version 0.31-a0-595-g4209ae197b (webtiles) character file.

Game seed: 8101926409910581106

176 AdnanSaban the Shield-Bearer (level 5, -1/33 HPs)
             Began as a Gargoyle Fighter on Aug 20, 2023.
             Killed from afar by an orc wizard (7 damage)
             ... with a puff of flame
             ... on level 4 of the Dungeon.
             The game lasted 00:02:26 (2526 turns).

AdnanSaban the Shield-Bearer (Gargoyle Fighter)     Turns: 2526, Time: 00:02:27

Health: -1/33      AC: 11    Str: 21    XL:     5   Next: 56%
Magic:  5/5        EV:  9    Int:  9    God:
Gold:   151        SH:  4    Dex:  9    Spells: 4/4 levels left

rFire   . . .        a - +0 flail
rCold   . . .        c - +0 buckler
rNeg    + . .        b - +0 scale mail
rPois   ∞            (no helmet)
rElec   +            (no cloak)
rCorr   .            (no gloves)
SInv    .            (no boots)
Will    .....        g - amulet of the acrobat Stlth
                     (no ring)
HPRegen 0.25/turn    (no ring)
MPRegen 0.09/turn

%: acrobat
@: no status effects
A: sickness immunity, AC +4, negative energy resistance 1, electricity
resistance, torment resistance 1, petrification resistance
a: no special abilities


You were on level 4 of the Dungeon.
You visited 1 branch of the dungeon, and saw 4 of its levels.

You collected 151 gold pieces.

Inventory:

Hand Weapons
 a - a +0 flail (weapon)
Missiles
 q - 6 poisoned darts
Armour
 b - a +0 scale mail (worn)
 c - a +0 buckler (worn)
Jewellery
 g - an amulet of the acrobat (around neck)
 n - an amulet of faith
Scrolls
 e - 2 scrolls of poison {unknown}
 h - 2 scrolls of teleportation {unknown}
 i - a scroll of revelation {unknown}
 j - a scroll of torment {unknown}
 l - a scroll of fear {unknown}
 o - a scroll of amnesia {unknown}
 p - a scroll of identify {unknown}
Potions
 d - a potion of might
 f - a potion of mutation {unknown}
 k - 3 potions of curing {unknown}
 m - a potion of brilliance {unknown}


   Skills:
 + Level 3.9 Fighting
 + Level 4.0 Maces & Flails
 + Level 4.0 Armour
 + Level 0.2 Dodging
 + Level 4.2 Shields


You had 4 spell levels left.
You didn't know any spells.
Your spell library was empty.

Dungeon Overview and Level Annotations

Branches:
Dungeon (4/15)
 Temple: D:4-7

Altars:
Vehumet
Yredelemnul
The Shining One

Shops:
D:1 (*[*[   D:3 *


Innate Abilities, Weirdness & Mutations

You are immune to sickness and miasma.
Your stone body is resilient. (AC +4)
You are immune to poison.
You resist negative energy. (rN+)
You are resistant to electric shocks. (rElec)
You are resistant to unholy torment.
You are immune to petrification.


Message History

You are too injured to fight recklessly!
You are too injured to fight recklessly!
You are too injured to fight recklessly!
You are too injured to fight recklessly!
You are too injured to fight recklessly!
You are too injured to fight recklessly!
You are too injured to fight recklessly!
You are too injured to fight recklessly!
You are too injured to fight recklessly!
You are too injured to fight recklessly!
You are too injured to fight recklessly!
You are too injured to fight recklessly!
You are too injured to fight recklessly!
You are too injured to fight recklessly!
You are too injured to fight recklessly!
You are too injured to fight recklessly!
You are too injured to fight recklessly!
You are too injured to fight recklessly!
You miss the ufetubus.
The ufetubus hits you but does no damage.
The ufetubus closely misses you. Something hits you.
The ufetubus closely misses you. The ufetubus hits you.
You hit the ufetubus.
The ufetubus is severely wounded.
The ufetubus hits you but does no damage.
The ufetubus hits you. Something hits you but does no damage.
You barely miss the ufetubus.
The ufetubus is severely wounded.
The ufetubus hits you but does no damage. x2
Something hits you but does no damage. The ufetubus hits you.
* * * LOW HITPOINT WARNING * * *
The ufetubus hits you.
* * * LOW HITPOINT WARNING * * *
You barely miss something.
The ufetubus hits you but does no damage.
The ufetubus closely misses you.
You hear some strange, mumbled words.
A puff of flame appears from out of thin air!
The puff of flame hits you!
You die...

#. ## #.##.
..... # #
#... .#
#.#...###.#
#......g.#
......{5#
.......@#
###...###
#... ##. #.
#


You could see an ufetubus and a goblin.

Vanquished Creatures
  A jelly (D:3)
  An iguana (D:3)
  A gnoll (D:1)
  4 adders
  3 worms (D:3)
  2 dart slugs
  2 orcs
  4 ball pythons
  4 bats (D:1)
  4 endoplasms
  2 giant cockroaches
  2 goblins
  A hobgoblin (D:2)
  7 kobolds
  3 quokkas
  5 frilled lizards
  23 rats
69 creatures vanquished.

Notes
Turn   | Place    | Note
-------+----------+-------------------------------------------
     0 | D:1      | AdnanSaban the Gargoyle Fighter began the quest for the
                  | Orb.
     0 | D:1      | Reached XP level 1. HP: 14/14 MP: 1/1
    70 | D:1      | Found Qoed's Antique Armour Emporium.
   135 | D:1      | Found Ymaeb's General Store.
   167 | D:1      | Reached XP level 2. HP: 19/19 MP: 2/2
   413 | D:1      | Reached XP level 3. HP: 17/23 MP: 3/3
   417 | D:1      | Found Doepraih's Assorted Antiques.
   440 | D:1      | Found Heg Midd's Antique Armour Emporium.
   446 | D:1      | Found Ocsynagy's Antique Weapon Shop.
  1418 | D:2      | Reached XP level 4. HP: 29/29 MP: 4/4
  1882 | D:3      | Found a glowing golden altar of the Shining One.
  1892 | D:3      | Found a basalt altar of Yredelemnul.
  1958 | D:3      | Found a radiant altar of Vehumet.
  2167 | D:3      | Reached XP level 5. HP: 23/33 MP: 5/5
  2315 | D:3      | Found Ruomush's General Store.
  2526 | D:4      | Killed from afar by an orc wizard

Illustrated notes

Levels and vault maps discovered:
D:1:      lemuel_arrival_lava_pool, layout_basic, serial_shops, shop,
          shop_statue, nicolae_diamond_shop, shop,
          nicolae_shop_just_a_little_nook
D:2:      layout_loops_corners
D:3:      layout_basic, grunt_temple_overflow_holy_war,
          mainiacjoe_overflow_brackets, serial_shops, shop,
          grunt_decor_mini_mirrors, minmay_rat_hole
D:4:      layout_loops_ring, minmay_temple_entry_poolview

Skill      XL: |  1  2  3  4  5 |
---------------+----------------+-----
Maces & Flails | 3 4 |  4.0
Shields        | 4 |  4.2
Armour         | 4 |  4.0
Fighting       | |  3.9
Dodging        | |  0.2

Action                     |  1- 3 |  4- 6 || total
---------------------------+-------+-------++-------
  Melee: Flail             |   101 |   125 ||   226
 Armour: Scale mail        |    45 |    93 ||   138
  Dodge: Dodged            |    53 |    57 ||   110
  Block: Buckler           |    28 |    24 ||    52

Table legend: (Time is in decaauts)
 A = Elapsed time spent in this place.
 B = Non-inter-level travel time spent in this place.
 C = Inter-level travel time spent in this place.
 D = Time resting spent in this place.
 E = Time spent auto-exploring this place.
 F = Levels seen in this place.
 G = Mean time per level.
                   A        B        C        D        E       F      G
               +--------+--------+--------+--------+--------+-----+--------+
         Total |   2591 |   2571 |     20 |     56 |   2025 |   4 |  647.8 |
       Dungeon |   2591 |   2571 |     20 |     56 |   2025 |   4 |  647.8 |
               +--------+--------+--------+--------+--------+-----+--------+

Top non-repeatable levels by time:
     D:2: 965 daAuts
     D:1: 902 daAuts
     D:3: 646 daAuts
     D:4: 76 daAuts
